 Dungeon Crawl Stone Soup version 0.21.0-22-g11d5b52 (webtiles) character file.

625 pstr the Digger (level 7, -5/57 HPs)
             Began as a Naga Earth Elementalist on Jan 18, 2018.
             Slain by an orc warrior
             ... wielding a +0 flail
              (16 damage)
             ... on level 6 of the Dungeon.
             The game lasted 00:16:57 (6738 turns).

pstr the Digger (Naga Earth Elementalist)           Turns: 6738, Time: 00:16:57

Health: -5/57      AC:  6    Str: 10      XL:     7   Next: 47%
Magic:  2/13       EV:  9    Int: 17      God:
Gold:   235        SH:  0    Dex:  9 (12) Spells: 5/14 levels left

rFire    + . .     SeeInvis +   i - staff of fire
rCold    . . .     Gourm    .   (no shield)
rNeg     + . .     Faith    .   g - +0 leather armour
rPois    +         Spirit   .   q - +1 helmet
rElec    .         Reflect  .   (no cloak)
rCorr    .         Harm     .   (no gloves)
MR       .....                  (no barding)
Stlth    ++........             o - amulet of regeneration
HPRegen  0.59/turn              y - ring of positive energy
MPRegen  0.13/turn              E - ring of wizardry

@: very slow
A: large, see invisible, deformed body, poison resistance, slowness 2, slow
metabolism 1, spit poison 1, AC +2
a: Spit Poison


You were on level 6 of the Dungeon.
You were near starving.

You visited 1 branch of the dungeon, and saw 6 of its levels.

You collected 235 gold pieces.

Inventory:

Hand Weapons
 a - a +0 dagger of venom
Missiles
 b - 112 stones (quivered)
Armour
 c - a +0 robe
 g - a +0 leather armour (worn)
 q - a +1 helmet (worn)
 x - a +0 leather armour
Magical Staves
 i - an uncursed staff of fire (weapon)
Jewellery
 o - an amulet of regeneration (around neck)
 y - a ring of positive energy (left hand)
 E - a ring of wizardry (right hand)
Scrolls
 m - a scroll of teleportation
 n - a scroll of immolation {unknown}
 p - 6 scrolls of identify
 r - a scroll of enchant armour
 s - 5 scrolls of remove curse {unknown}
 v - a scroll of enchant weapon {unknown}
 w - a scroll of fog {unknown}
Potions
 h - a potion of cancellation {unknown}
 j - a potion of haste {unknown}
 k - 3 potions of berserk rage {unknown}
 l - a potion of magic {unknown}
 t - a potion of lignification {unknown}
 u - a potion of flight {unknown}
 z - a potion of invisibility {unknown}
 A - a potion of brilliance {unknown}
 B - a potion of resistance {unknown}
 C - a potion of mutation {unknown}
 D - a potion of ambrosia {unknown}
Books
 e - a book of Geomancy

   Spells                             Type                      Level
   a - Sandblast                      Earth                        1
   b - Passwall                       Transmutation/Earth          2
   c - Stone Arrow                    Conjuration/Earth            3
   d - Petrify                        Transmutation/Earth          4
   e - Lee's Rapid Deconstruction     Earth                        5
Comestibles
 d - 8 rations
 F - a chunk of flesh


   Skills:
 + Level 1.3 Fighting
 + Level 0.4 Staves
 + Level 1.7 Armour
 + Level 2.1 Dodging
 + Level 3.9 Stealth
 + Level 4.4 Spellcasting
 + Level 2.1 Conjurations
   Level 1.0 Transmutations
 + Level 5.3 Earth Magic


You had 5 spell levels left.
You knew the following spells:

 Your Spells              Type           Power        Failure   Level  Hunger
a - Sandblast             Erth           ###...       1%          1    None
b - Stone Arrow           Conj/Erth      ###...       5%          3    ###....
c - Lee's Rapid Deconstr  Erth           ###.......   24%         5    ######.


Dungeon Overview and Level Annotations

Branches:
Dungeon (6/15)
 Temple: D:4-7

Altars:
Nemelex Xobeh
Xom

Annotations:
D:5 microfolk's ghost, amateur HOMo


Innate Abilities, Weirdness & Mutations

You cannot wear boots.
Your serpentine skin is tough. (AC +2)
You have supernaturally acute eyesight. (SInv)
Armour fits poorly on your strangely shaped body.
Your system is resistant to poisons. (rPois)
You cover ground very slowly.
You have a slow metabolism.
You can spit poison.


Message History

The orc wizard casts a spell.
The orc wizard blinks!
The orc warrior hits you with a flail!
* * * LOW HITPOINT WARNING * * *
You feel better. The orc warrior hits you with a flail!
* * * LOW HITPOINT WARNING * * *
Casting: Sandblast
Confirm with . or Enter, or press ? or * to list all spells.
Okay, then.
Casting: Sandblast
Confirm with . or Enter, or press ? or * to list all spells.
Aiming: Sandblast
Press: ? - help, Shift-Dir - straight line, f - orc warrior
Aim: an orc warrior, wielding a flail and wearing a plate armour (lightly wounded)
The blast of sand hits the orc warrior.
The orc warrior is lightly wounded.
b - 112 stones You hear the slow hiss of a very distant avalanche of sand.
The orc warrior hits you with a flail!
You die...

##.#o####.o.
#..#.## ##
#8.)..## ####...#
#########...#...
#...............[
###.........##....
#......#...## ....
#@#.#o.##.## ...
##o#o..###.# ..
#####.o#.### #.#
...........# #.#
##.........# ..#
#............
#.........####
#.........#
###########


You could see an orc warrior and an orc.

Vanquished Creatures
  The ghost of Pawles22 the Covert, an amateur SpEn (D:3)
  An ogre (D:4)
  A bullfrog (D:6)
  A hound (D:5)
  An orc priest (D:5)
  A bullfrog skeleton (D:4)
  3 orc wizards
  A worker ant (D:4)
  A hound zombie (D:5)
  A gnoll (D:6)
  5 adders
  A shadow imp (D:5)
  An adder skeleton (D:4)
  2 worms
  A dart slug (D:1)
  5 leopard geckos
  13 orcs
  2 ball pythons
  2 giant cockroaches
  11 goblins
  6 hobgoblins
  14 jackals
  A quokka (D:2)
  9 bats
  A frilled lizard (D:3)
  9 kobolds
  7 rats
102 creatures vanquished.

Notes
Turn   | Place    | Note
-------+----------+-------------------------------------------
     0 | D:1      | pstr the Naga Earth Elementalist began the quest for the Orb.
     0 | D:1      | Reached XP level 1. HP: 15/15 MP: 3/3
   498 | D:1      | Reached XP level 2. HP: 22/22 MP: 3/5
   635 | D:1      | HP: 1/22 [rat (2)]
   636 | D:1      | You fall through a shaft!
   977 | D:2      | Reached XP level 3. HP: 28/28 MP: 3/6
  1041 | D:2      | Learned a level 3 spell: Stone Arrow
  1601 | D:2      | Reached XP level 4. HP: 36/36 MP: 1/8
  1628 | D:2      | Reached skill level 4 in Earth Magic
  2749 | D:3      | Noticed Pawles22's ghost (amateur SpEn)
  3385 | D:4      | Reached skill level 1 in Conjurations
  3385 | D:4      | Reached XP level 5. HP: 19/42 MP: 0/9
  4058 | D:4      | Noticed an ogre
  4062 | D:4      | Killed an ogre
  4062 | D:4      | Reached XP level 6. HP: 50/50 MP: 1/11
  4155 | D:4      | Learned a level 5 spell: Lee's Rapid Deconstruction
  4517 | D:3      | Found a shimmering altar of Xom.
  5511 | D:3      | Killed Pawles22's ghost
  5511 | D:3      | Reached skill level 1 in Armour
  5927 | D:5      | Entered Level 5 of the Dungeon
  5935 | D:4      | Reached skill level 5 in Earth Magic
  6009 | D:4      | Reached XP level 7. HP: 55/56 MP: 3/13
  6124 | D:5      | Reached skill level 1 in Fighting
  6615 | D:5      | Noticed microfolk's ghost (amateur HOMo)
  6645 | D:6      | Found a sparkling altar of Nemelex Xobeh.
  6738 | D:6      | Slain by an orc warrior

Skill      XL: |  1  2  3  4  5  6  7 |
---------------+----------------------+-----
Earth Magic    | 4 5 |  5.3
Spellcasting   | 3 4 |  4.4
Conjurations   | 1 2 |  2.1
Armour         | 1 |  1.7
Dodging        | 2 |  2.1
Fighting       | 1 |  1.3
Staves         | |  0.4
Stealth        | |  3.9
Transmutations | |  1.0

Action                   |  1- 3 |  4- 6 |  7- 9 || total
-------------------------+-------+-------+-------++-------
Melee: Dagger            |     4 |       |       ||     4
       Staff             |       |    16 |     4 ||    20
Throw: Stone             |       |       |     1 ||     1
 Cast: Sandblast         |    28 |    34 |    13 ||    75
       Stone Arrow       |     7 |    59 |    19 ||    85
 Abil: Spit Poison       |    15 |    14 |     3 ||    32
  Use: Potion            |     1 |       |     1 ||     2
       Scroll            |       |     2 |     1 ||     3
  Eat: Chunk             |     3 |    15 |     2 ||    20
       Ration            |       |     1 |       ||     1
Armor: Robe              |     2 |    15 |       ||    17
       Leather armour    |       |    13 |    45 ||    58
Dodge: Dodged            |    27 |    38 |    48 ||   113
